Map: Ley Lines

Players

kenygameros

  • Race: Zerg Zerg
  • Spawn Location: 1:00

StonedJeezus - Winner!

  • Race: Zerg Zerg
  • League: Master
  • Spawn Location: 7:00

VOD

Have the link to the VOD?

Description

Time

  • Played on: Jan. 28, 2025, 12:11 a.m.
  • Length: 12:20
Show
View Real Time Build Order
Export as new Build Order

kenygameros Zerg 

Build Orders: Pool First 

Get SALT Encoding   

  12  0:01  Drone  
  13  0:08  Drone  
  14  0:17  Overlord  
  14  0:27  Extractor  
  13  0:28  Drone  
  14  0:42  Spawning Pool  
  14  0:46  Drone  
  14  0:48  Drone  
  15  0:52  Drone  
  16  1:04  Drone  
  17  1:09  Drone  
  18  1:27  Hatchery  
  18  1:31  Queen  
  19  1:37  Zergling x2  
  19  1:39  Drone  
  21  1:42  Drone  
  22  2:00  Overlord  
  22  2:24  Zergling x4  
  22  2:28  Drone  
  25  2:32  Lair  
  25  2:39  Drone  
  25  2:40  Drone  
  25  2:41  Drone x3  
  30  2:50  Roach Warren  
  29  2:58  Zergling x4  
  30  3:00  Queen  
  32  3:05  Spine Crawler  
  29  3:43  Spine Crawler, Overlord x2  
  29  3:46  Zergling x2  
  27  3:48  Overlord  
  27  3:49  Overlord x2  
  27  4:07  Drone x3  
  30  4:10  Drone  
  31  4:31  Spine Crawler  
  27  4:39  Spine Crawler  
  27  4:40  Spine Crawler  
  27  4:41  Roach x3  
  27  4:42  Spine Crawler  
  27  4:55  Queen  
  31  5:00  Roach  
  32  5:28  Roach x2  
  36  5:29  Roach  
  36  5:30  Zergling x2  
  36  5:32  Drone x2  
  36  5:33  Drone x2  
  43  5:47  Baneling Nest  
  42  5:58  Extractor  
  42  5:59  Hatchery  
  40  6:04  Hatchery  
  39  6:27  Queen  
  39  6:28  Drone x3  
  39  6:32  Zergling x4  
  46  6:34  Baneling x2  
  46  7:07  Zergling x2  
  47  7:16  Queen  
  49  7:36  Drone x3  
  49  7:37  Drone x4  
  56  7:57  Drone x2  
  58  8:00  Centrifugal Hooks  
  58  8:13  Extractor  
  58  8:15  Glial Reconstitution  
  57  8:27  Spore Crawler  
  57  8:30  Spore Crawler  
  55  8:35  Spire  
  55  8:37  Spire  
  55  8:39  Drone x3, Extractor  
  55  8:54  Drone x2  
  55  8:55  Drone  
  58  8:56  Drone x2  
  58  8:57  Drone x4  
  58  8:58  Drone  
  65  9:11  Hatchery  
  64  9:34  Drone x9  
  64  9:37  Overlord x3  
  73  10:13  Extractor  
  72  10:37  Infestation Pit  
  72  10:42  Overseer  
  71  10:44  Overlord x4  
  71  10:47  Drone x3  
  74  10:50  Drone x2  
  74  10:51  Extractor  
  75  10:59  Drone x3  
  78  11:06  Drone  
  79  11:11  Hatchery  
  77  11:43  Corruptor x6  
  77  11:44  Corruptor x10  
  107  11:51  Roach x2  
  107  11:52  Roach x2  
Show
View Real Time Build Order
Export as new Build Order

StonedJeezus Zerg - Winner!

Build Orders: Hatch First 

Get SALT Encoding   

  12  0:01  Drone  
  13  0:09  Drone  
  14  0:17  Overlord  
  14  0:41  Drone  
  14  0:42  Drone x2  
  17  1:04  Extractor  
  17  1:05  Hatchery  
  17  1:08  Spawning Pool  
  14  1:11  Drone  
  15  1:33  Drone  
  15  1:34  Drone x2  
  18  2:04  Queen, Spine Crawler  
  19  2:18  Queen, Spine Crawler  
  19  2:21  Drone  
  21  2:23  Zergling x2  
  21  2:27  Drone  
  23  2:33  Zergling x2  
  23  2:35  Zergling x2  
  25  2:40  Zergling x2  
  25  2:42  Zergling x2  
  27  2:51  Zergling x2  
  28  3:01  Metabolic Boost  
  28  3:04  Baneling Nest  
  28  3:05  Zergling x2  
  28  3:13  Overlord  
  28  3:39  Zergling x12  
  30  3:42  Zergling x4  
  30  3:44  Drone  
  32  3:54  Zergling x2  
  32  4:00  Drone x3  
  34  4:36  Zergling x4  
  34  4:37  Zergling x2  
  34  4:38  Overlord  
  36  4:40  Overlord x2  
  35  4:50  Zergling x2  
  35  4:52  Overlord  
  36  4:53  Overlord  
  36  4:54  Overlord x2  
  29  5:15  Roach Warren  
  29  5:20  Evolution Chamber  
  25  5:21  Evolution Chamber  
  25  5:22  Evolution Chamber  
  22  5:33  Drone x4  
  26  5:40  Drone x2  
  27  5:55  Roach  
  27  5:56  Roach x2  
  33  5:59  Zerg Missile Weapons Level 1  
  33  6:08  Lair  
  33  6:10  Drone  
  34  6:13  Drone  
  34  6:16  Drone  
  34  6:18  Drone  
  38  6:25  Drone x2  
  38  6:28  Drone  
  38  6:29  Drone  
  41  6:36  Queen  
  43  6:43  Zerg Ground Armor Level 1  
  43  6:45  Drone  
  44  6:49  Overlord  
  44  6:52  Roach  
  46  6:59  Roach x2  
  46  7:00  Drone  
  51  7:03  Drone  
  51  7:04  Drone  
  53  7:10  Drone  
  53  7:11  Drone x2  
  53  7:14  Glial Reconstitution  
  56  7:20  Hydralisk Den  
  56  7:21  Roach  
  56  7:22  Zergling x2  
  58  7:24  Zergling x2  
  58  7:27  Extractor  
  58  7:28  Extractor  
  57  7:35  Extractor  
  57  7:36  Zerg Melee Weapons Level 1  
  56  7:47  Queen  
  58  7:55  Drone x4  
  58  7:56  Drone x3  
  65  8:02  Zerg Missile Weapons Level 2  
  65  8:29  Hydralisk x4  
  65  8:32  Muscular Augments  
  73  8:38  Hydralisk  
  75  8:43  Overlord x4  
  75  8:50  Overseer  
  75  9:03  Drone x4  
  75  9:04  Drone x3  
  75  9:05  Zerg Ground Armor Level 2  
  82  9:26  Overseer  
  82  9:27  Roach x2  
  82  9:28  Roach x4  
  94  9:36  Overlord x2  
  94  9:47  Overseer  
  94  9:51  Roach  
  94  9:52  Roach x4  
  104  9:58  Roach  
  104  9:59  Roach  
  108  10:02  Burrow  
  108  10:04  Tunneling Claws  
  108  10:08  Grooved Spines  
  108  10:29  Roach x4  
  108  10:30  Roach x2  
  120  10:35  Overlord  
  120  10:38  Overlord  
  120  11:00  Overseer  
  120  11:01  Overseer  
  120  11:04  Overseer  
  120  11:10  Hatchery  
  119  11:17  Hydralisk  
  119  11:18  Hydralisk x5  
  127  11:22  Zergling x4  
  133  11:31  Overlord  
  133  11:32  Roach x2  
Tags
 
League
Master
Matchup
ZvZ
Race
Zerg
Spawn Locations
Cross Positions
Add a new tag
Caveats
  • Supply blocks, unpowered buildings, or Contaminate may cause inaccurate times.
  • Supply counts are checked every 10 seconds.